 Dungeon Crawl Stone Soup version 0.31-a0-331-geda263fcf1 (webtiles) character file.

Game seed: 10858830267153318850

543 Shard1697 the Ruffian (level 7, -8/58 HPs)
             Began as a Yellow Draconian Shapeshifter on July 20, 2023.
             Was an Initiate of Makhleb.
             Engulfed by a steam dragon's steam (9 damage)
             ... on level 4 of the Dungeon.
             The game lasted 00:06:07 (2711 turns).

Shard1697 the Ruffian (DrSh)                        Turns: 2711, Time: 00:06:08

Health: -8/58      AC:  6    Str: 17 (18) XL:     7   Next: 6%
Magic:  7/7        EV: 10    Int:  6 (8)  God:    Makhleb [......]
Gold:   187        SH:  7    Dex: 12 (13) Spells: 6/6 levels left

rFire   . .          .
                       - Unarmed
rCold   . . .        f - +0 kite shield
rNeg    . . .        (body armour unavailable)
rPois   .            (helmet currently unavailable)
rElec   .            (cloak currently unavailable)
rCorr   +            (gloves currently unavailable)
SInv    .            (boots currently unavailable)
Will    .....        (no amulet)
Stlth   +            (no ring)
HPRegen 0.29/turn    (no ring)
MPRegen 0.10/turn

%: no passive effects
@: short of breath, beast-form, unable to drink
A: beast (slay +2), spit acid, AC +6, unfitting armour, cold-blooded, acid
resistance, inability to drink after injury 1
a: Breathe Acid, Begin Untransformation, Renounce Religion


You were on level 4 of the Dungeon.
You worshipped Makhleb.
Makhleb was noncommittal.
You were a hulking beast.
You visited 1 branch of the dungeon, and saw 4 of its levels.

You collected 187 gold pieces.

Inventory:

Armour
 c - a +0 cloak
 f - a +0 kite shield (worn)
 k - a +0 pair of gloves
Jewellery
 p - a ring of flight
Talismans
 b - a beast talisman
 j - a maw talisman
Wands
 s - a wand of flame (1)
Scrolls
 a - a scroll of fear {unknown}
 d - a scroll of brand weapon {unknown}
 h - a scroll of identify {unknown}
 l - 2 scrolls of poison {unknown}
 m - 2 scrolls of enchant armour {unknown}
 n - 2 scrolls of teleportation {unknown}
 o - a scroll of immolation {unknown}
 r - a scroll of amnesia {unknown}
Potions
 g - a potion of curing
 q - a potion of brilliance


   Skills:
 + Level 3.8 Fighting
 - Level 1.7 Dodging
 + Level 0.9 Shields
 * Level 7.0 Unarmed Combat
 - Level 3.0 Shapeshifting


You had 6 spell levels left.
You didn't know any spells.
Your spell library was empty.

Dungeon Overview and Level Annotations

Branches:
Dungeon (4/15)
 Temple: D:4-7

Altars:
Makhleb
Qazlal
Ru
Vehumet


Innate Abilities, Weirdness & Mutations

You are a hulking beast.
Your limbs bulge with bestial killing power. (Slay +2)
You can spit globs of acid.
Your golden yellow scales are hard. (AC +6)
You cannot fit into any form of body armour.
You are cold-blooded and may be slowed by cold attacks.
You are resistant to acid. (rCorr)
You occasionally lose the ability to drink potions when taking damage.


Message History

The ball python dies!
The ball of steam misses you.
No reachable target in view!
No reachable target in view!
No reachable target in view!
You are engulfed in a cloud of scalding steam.
You block the steam dragon's attack. The steam dragon claws you.
You see here a ball python corpse.
You barely miss the steam dragon.
You are engulfed in a cloud of scalding steam.
The steam dragon bites you. The steam dragon claws you.
You closely miss the steam dragon.
You are engulfed in a cloud of scalding steam.
The steam dragon barely misses you.
The steam dragon claws you but does no damage.
You barely miss the steam dragon. The steam dragon breathes steam at you.
The ball of steam hits you!
You feel threatened and lose the ability to drink potions!
You cannot drink potions in your current state!
You are engulfed in a cloud of scalding steam.
Press: ? - help, Shift-Dir - straight line, f - steam dragon
Aim: a steam dragon (catching its breath, 64% to hit)
You spit a glob of acid.
The glob of acid hits the steam dragon!
The steam dragon is heavily wounded.
The steam dragon barely misses you.
The steam dragon claws you but does no damage.
You hit the steam dragon.
Your tail-slap misses the steam dragon.
The steam dragon is heavily wounded.
The steam dragon breathes steam at you. The ball of steam hits you!
* * * LOW HITPOINT WARNING * * *
You cannot drink potions in your current state!
The steam dragon attacks as you move away!
The steam dragon bites you!
* * * LOW HITPOINT WARNING * * *
The steam dragon claws you.
* * * LOW HITPOINT WARNING * * *
You are engulfed in a cloud of scalding steam.
You die...

########.....#
##### #.##.#
##
...>.........#
#.##.#
########.....#
#.##.# #.....#
#.##.# ###.###
#.# #.#
#†#########.
#<.D§h§§....
###########.


You could see a steam dragon.

Vanquished Creatures
  Grinder (D:3)
  A kobold brigand (D:3)
  A gnoll sergeant (D:3)
  A crimson imp (D:3)
  Crazy Yiuf (D:3)
  An iguana (D:3)
  Natasha (thrice) (D:3 D:2)
  An adder (D:3)
  A worm (D:3)
  4 orcs (D:3)
  9 bats
  5 endoplasms
  A giant cockroach (D:2)
  8 goblins
  2 hobgoblins
  2 jackals (D:2)
  4 kobolds
  5 ball pythons
  A frilled lizard (D:2)
  5 rats
57 creatures vanquished.

Vanquished Creatures (others)
  A ball python (D:4)
1 creature vanquished.

Grand Total: 58 creatures vanquished

Notes
Turn   | Place    | Note
-------+----------+-------------------------------------------
     0 | D:1      | Shard1697 the Draconian Shapeshifter began the quest for
                  | the Orb.
     0 | D:1      | Reached XP level 1. HP: 17/17 MP: 1/1
   151 | D:1      | Reached XP level 2. HP: 24/24 MP: 2/2
   254 | D:1      | Reached skill level 3 in Unarmed Combat
  1049 | D:2      | Reached XP level 3. HP: 29/29 MP: 3/3
  1436 | D:3      | Found a faded altar of an unknown god.
  1460 | D:3      | Noticed Grinder
  1466 | D:3      | Noticed Natasha
  1468 | D:3      | Paralysed by Grinder for 4 turns
  1473 | D:3      | Killed Grinder
  1474 | D:3      | Reached skill level 6 in Unarmed Combat
  1474 | D:3      | Reached XP level 4. HP: 36/36 MP: 4/4
  1474 | D:3      | Reached XP level 5. HP: 41/41 MP: 5/5
  1482 | D:3      | Killed Natasha
  1558 | D:3      | Noticed Natasha
  1566 | D:3      | Killed Natasha
  1567 | D:3      | Reached XP level 6. HP: 42/50 MP: 6/6
  1609 | D:3      | Identified the +1 spear of Amorality {venom, *Slow rElec
                  | Will+ Int+4}
  1637 | D:3      | Noticed Natasha
  1652 | D:2      | Killed Natasha
  1993 | D:3      | Found a radiant altar of Vehumet.
  1994 | D:3      | Found a burning altar of Makhleb.
  2011 | D:3      | Became a worshipper of Makhleb the Destroyer
  2153 | D:3      | Found a stormy altar of Qazlal.
  2153 | D:3      | Found a sacrificial altar of Ru.
  2238 | D:3      | Found a runed translucent door.
  2239 | D:3      | Noticed Crazy Yiuf
  2244 | D:3      | Gained mutation: You occasionally lose the ability to drink
                  | potions when taking damage. [potion of mutation]
  2244 | D:3      | Gained mutation: You expend magic power (3 MP) to
                  | strengthen your wands. [potion of mutation]
  2245 | D:3      | Lost mutation: You expend magic power (3 MP) to strengthen
                  | your wands. [potion of mutation]
  2245 | D:3      | Lost mutation: You occasionally lose the ability to drink
                  | potions when taking damage. [potion of mutation]
  2245 | D:3      | Gained mutation: You occasionally lose the ability to drink
                  | potions when taking damage. [potion of mutation]
  2245 | D:3      | Gained mutation: You sometimes lose the ability to drink
                  | potions when taking damage. [potion of mutation]
  2245 | D:3      | Lost mutation: You sometimes lose the ability to drink
                  | potions when taking damage. [potion of mutation]
  2255 | D:3      | Killed Crazy Yiuf
  2364 | D:4      | Noticed a steam dragon
  2617 | D:3      | Reached skill level 7 in Unarmed Combat
  2617 | D:3      | Your scales start taking on a golden yellow colour.
  2617 | D:3      | Reached XP level 7. HP: 35/58 MP: 7/7
  2617 | D:3      | Gained mutation: You are resistant to acid. (rCorr) [Yellow
                  | Draconian growth]
  2711 | D:4      | HP: 1/58 [steam dragon (3)]
  2711 | D:4      | Engulfed by a steam dragon's steam

Illustrated notes

Levels and vault maps discovered:
D:1:      onia_arrival_handbag, layout_basic
D:2:      layout_loops_ring, minmay_tromino_i2
D:3:      layout_rooms, grunt_temple_overflow_lords_of_destruction,
          gammafunk_temple_overflow_wave, nicolae_ecumenical_pavilion,
          nicolae_titane, uniq_crazy_yiuf_cottage, uniq_grinder, uniq_natasha
D:4:      layout_loops_ring, mainiacjoe_overflow_catwalk, minmay_manual_moon

Skill      XL: |  1  2  3  4  5  6 |
---------------+-------------------+-----
Unarmed Combat | 3 6 7 |  7.0
Fighting       | 3 |  3.8
Dodging        | |  1.7
Shields        | |  0.9
Shapeshifting  | |  3.0

Action                     |  1- 3 |  4- 6 |  7- 9 || total
---------------------------+-------+-------+-------++-------
  Melee: Unarmed           |    89 |    90 |     7 ||   186
         Tailslap          |     5 |    12 |     1 ||    18
         Punch             |     1 |     1 |       ||     2
Ability: Breathe Acid      |       |       |     1 ||     1
    Use: Potion            |     1 |     8 |       ||     9
 Armour: Skin              |    47 |    31 |     4 ||    82
  Dodge: Dodged            |    47 |    39 |     3 ||    89
  Block: Kite shield       |       |     7 |     3 ||    10

Table legend: (Time is in decaauts)
 A = Elapsed time spent in this place.
 B = Non-inter-level travel time spent in this place.
 C = Inter-level travel time spent in this place.
 D = Time resting spent in this place.
 E = Time spent auto-exploring this place.
 F = Levels seen in this place.
 G = Mean time per level.
                   A        B        C        D        E       F      G
               +--------+--------+--------+--------+--------+-----+--------+
         Total |   2693 |   2595 |     98 |    348 |   1716 |   4 |  673.2 |
       Dungeon |   2693 |   2595 |     98 |    348 |   1716 |   4 |  673.2 |
               +--------+--------+--------+--------+--------+-----+--------+

Top non-repeatable levels by time:
     D:3: 1031 daAuts
     D:2: 865 daAuts
     D:1: 695 daAuts
     D:4: 101 daAuts
